 Dungeon Crawl Stone Soup version 0.20-a0-945-g3bf614a (webtiles) character file.

43675 Alarkh the Black Belt (level 13, -1/111 HPs)
             Began as a Demonspawn Monk on Apr 1, 2017.
             Was the Champion of Okawaru.
             Slain by a molten gargoyle
             ... wielding a cursed -2 morningstar
              (8 damage)
             ... on level 6 of the Lair of Beasts.
             The game lasted 00:29:14 (23956 turns).

Alarkh the Black Belt (Demonspawn Monk)            Turns: 23956, Time: 00:29:15

Health: -1/111     AC:  8    Str: 19    XL:     13   Next: 92%
Magic:  19/19      EV:  2    Int: 17    God:    Okawaru [******]
Gold:   784        SH:  0    Dex: 20    Spells: 12/12 levels left

rFire    . . .     SeeInvis .     - Unarmed
rCold    . . .     Gourm    .   N - +0 buckler
rNeg     + + +     Faith    .   A - +0 troll leather armour
rPois    ∞         Spirit   .   V - +1 hat of Xefeogh {Slay+2}
rElec    .         Reflect  .   F - +0 cloak
rCorr    .         Harm     .   (no gloves)
MR       .....                  (no boots)
Stlth    ++++++....             D - amulet of rage
Regen    0.7/turn               u - ring of poison resistance
MPRegen  0.2/turn               B - +3 ring of slaying

@: mighty, agile, lethally poisoned (-1 -> -1), petrified, heroism, very
slightly contaminated, invisible, repel missiles
A: hooves 1, repulsion field 3, clever 1, nightstalker 1, powered by pain 1,
robust 1
a: Heroism, Finesse, Renounce Religion, Evoke Berserk Rage


You were on level 6 of the Lair of Beasts.
You worshipped Okawaru.
Okawaru was exalted by your worship.
You were not hungry.

You visited 3 branches of the dungeon, and saw 19 of its levels.

You collected 1216 gold pieces.
You spent 432 gold pieces at shops.

Inventory:

Armour
 k - the +1 chain mail "Loullupiq" {rC+ Int-4 Stlth+}
   (Okawaru gifted it to you on level 4 of the Lair of Beasts)

   It affects your intelligence (-4).
   It protects you from cold.
   It makes you more stealthy.
 A - a +0 troll leather armour (worn)
 F - a +0 cloak (worn)
 N - a +0 buckler (worn)
 V - the +1 hat of Xefeogh (worn) {Slay+2}
   (You bought it in a shop on level 9 of the Dungeon)

   It affects your accuracy and damage with ranged weapons and melee attacks
   (+2).
Jewellery
 a - an uncursed ring of teleportation
 u - a ring of poison resistance (left hand)
 B - a +3 ring of slaying (right hand)
 D - an amulet of rage (around neck)
 J - an uncursed ring of protection from fire
Wands
 y - a wand of digging (3/24)
 C - a wand of iceblast (4/15)
 E - a wand of digging (12/24)
Scrolls
 c - 2 scrolls of amnesia
 e - a scroll of identify
 g - 2 scrolls of teleportation
 h - a scroll of fog
 m - 8 scrolls of remove curse
 p - 4 scrolls of magic mapping
 q - a scroll of fear
 r - 3 scrolls of blinking {unknown}
 s - a scroll of brand weapon {unknown}
 Q - a scroll of random uselessness {unknown}
Potions
 d - a potion of berserk rage
 j - 2 potions of agility
 l - 5 potions of flight
 o - 4 potions of curing
 t - 2 potions of haste
 v - 2 potions of magic
 x - a potion of heal wounds {unknown}
 K - a potion of invisibility
 L - 2 potions of resistance
 X - 2 potions of ambrosia
Books
 i - a book of Flames

   Spells                             Type                      Level
   a - Flame Tongue                   Conjuration/Fire             1
   b - Throw Flame                    Conjuration/Fire             2
   c - Conjure Flame                  Conjuration/Fire             3
   d - Inner Flame                    Hexes/Fire                   3
   e - Sticky Flame                   Conjuration/Fire             4
   f - Fireball                       Conjuration/Fire             5
Comestibles
 b - 8 bread rations
 f - 3 meat rations
 n - 2 royal jellies
 w - 9 fruits
 z - 3 chunks of flesh


   Skills:
 + Level 9.1(14.1) Fighting
 + Level 7.5(12.5) Armour
 + Level 8.5(13.5) Dodging
 - Level 3.6(8.6) Stealth
 + Level 7.4(12.4) Shields
 * Level 15.0(20.0) Unarmed Combat
 - Level 9.0 Invocations


You had 12 spell levels left.
You didn't know any spells.

Dungeon Overview and Level Annotations

Branches:
Dungeon (12/15)            Temple (1/1) D:5            Lair (6/6) D:9
 Shoals (0/4) Lair:3        Snake (0/4) Lair:3        Slime (0/5) Lair:5
    Orc (0/2) D:9

Altars:
Ashenzari
Cheibriados
Dithmenos
Elyvilon
Fedhas
Gozag
Hepliaklqana
Kikubaaqudgha
Makhleb
Nemelex Xobeh
Okawaru
Qazlal
Ru
Sif Muna
Trog
Uskayaw
Vehumet
Wu Jian
Xom
Yredelemnul
Zin
The Shining One

Shops:
D:4 *   D:5 [   D:6 ::%   D:9 [   D:11 [

Annotations:
Lair:2 exclusion: oklob plant


Innate Abilities, Weirdness & Mutations

You have large cloven feet.
You are surrounded by a strong repulsion field. (EV +4, RMsl)
You are slightly more attuned to the shadows.
You sometimes gain a little power by taking damage.
Your mind is acute. (Int +2)
You are robust. (+10% HP)


Message History

* * * LOW HITPOINT WARNING * * *
The blink frog blinks!
The blink frog completely misses you.
You are very lightly contaminated with residual magic.
Your limbs are stiffening.
A molten gargoyle comes into view.
It is wielding an enchanted morningstar.
You catch the helpless blink frog completely off-guard!
You punch the blink frog!
You kill the blink frog!
Okawaru accepts your kill.
You have turned to stone.
The blink frog hits you but does no damage.
The blink frog hits you!
* * * LOW HITPOINT WARNING * * *
The blink frog blinks!
The basilisk bites you!
* * * LOW HITPOINT WARNING * * *
A molten gargoyle comes into view. It is wielding a flail.
The basilisk gazes at you.
You easily resist.
The molten gargoyle hits you with an enchanted morningstar!
You die...

.# ...#..... ..#
P........
...##..#...#
...........####
..............
.....†.F....9.
.<...†@l...#
.......9...###
.............##
..............####
.................##
..................#
..................##
..................#
................##


You could see a basilisk, a blink frog and 2 molten gargoyles.

Vanquished Creatures
  Rupert (Lair:5)
  Harold (Lair:2)
  4 hydras
  Erica (D:8)
  2 catoblepae
  A centaur warrior (D:11)
  2 two-headed ogres
  A death yak (Lair:4)
  2 tengu warriors (D:9)
  Pikel (D:8)
  2 ugly things (D:12)
  A cyclops (D:11)
  A merfolk siren (Lair:3)
  2 black mambas (Lair:4)
  Psyche (D:8)
  2 gargoyles (D:12)
  6 spiny frogs
  6 komodo dragons
  2 rime drakes (Lair:2)
  2 trolls
  A merfolk (Lair:3)
  Prince Ribbit (D:9)
  17 blink frogs
  2 polar bears (D:11)
  8 hippogriffs
  4 dream sheep (Lair:4)
  A vampire (D:12)
  3 wyverns
  42 yaks
  2 hungry ghosts
  Grum (D:8)
  4 basilisks
  Edmund (D:6)
  4 hell hounds
  3 water moccasins
  8 porcupines
  2 slaves (D:8)
  6 orc warriors
  4 ice beasts
  A hornet zombie (D:8)
  A black bear (D:10)
  4 sky beasts
  A necrophage (D:7)
  6 ogres
  2 phantoms
  16 wolves
  4 centaurs
  9 crocodiles
  4 big kobolds
  16 bullfrogs
  A water moccasin zombie (D:12)
  2 water moccasin skeletons
  7 scorpions
  5 killer bees (D:8)
  5 wights (D:11)
  3 howler monkeys (D:11)
  3 electric eels
  2 bullfrog zombies
  4 crimson imps
  A centaur zombie (D:11)
  6 hounds
  A quasit (D:10)
  9 orc priests
  2 bullfrog skeletons
  10 orc wizards
  Crazy Yiuf (D:5)
  10 jellies
  2 centaur skeletons
  3 iguanas
  7 worker ants
  2 killer bee zombies
  2 hound skeletons
  A worker ant zombie (D:8)
  3 gnolls (D:8)
  17 adders
  4 shadow imps
  7 oozes
  3 adder skeletons
  An adder zombie (D:6)
  5 dart slugs
  4 leopard geckos
  63 orcs
  6 ball pythons
  9 bats
  2 giant cockroaches (D:3)
  11 hobgoblins
  14 jackals
  8 quokkas
  A ball python skeleton (D:4)
  5 frilled lizards
  13 goblins
  A jackal skeleton (D:5)
  25 kobolds
  A leopard gecko skeleton (D:5)
  A leopard gecko zombie (D:5)
  12 rats
  A spectral orc (D:8)
525 creatures vanquished.

Vanquished Creatures (others)
  A slave (D:8)
  A bullfrog (D:8)
  A worker ant (D:8)
  An adder (D:8)
  6 fungi
  8 plants
18 creatures vanquished.

Grand Total: 543 creatures vanquished

Notes
Turn   | Place    | Note
-------+----------+-------------------------------------------
     0 | D:1      | Alarkh the Demonspawn Monk began the quest for the Orb.
     0 | D:1      | Reached XP level 1. HP: 19/19 MP: 1/1
   317 | D:1      | Reached skill level 1 in Unarmed Combat
   375 | D:1      | Gained mutation: You are surrounded by a mild repulsion field. (EV +2) [demonic ancestry]
   375 | D:1      | Reached XP level 2. HP: 16/25 MP: 2/2
   400 | D:1      | Gained mutation: You are robust. (+10% HP) [potion of mutation]
   400 | D:1      | Gained mutation: Your mind is acute. (Int +2) [potion of mutation]
   671 | D:1      | Reached skill level 2 in Unarmed Combat
  1036 | D:1      | Reached XP level 3. HP: 12/33 MP: 3/3
  1908 | D:1      | Reached skill level 3 in Unarmed Combat
  2174 | D:2      | Found a white marble altar of Elyvilon.
  2452 | D:2      | Reached XP level 4. HP: 27/40 MP: 4/4
  2726 | D:2      | Found a glowing silver altar of Zin.
  3244 | D:3      | Reached skill level 4 in Unarmed Combat
  3383 | D:3      | Gained mutation: You sometimes gain a little power by taking damage. [demonic ancestry]
  3383 | D:3      | Reached XP level 5. HP: 26/46 MP: 5/5
  3688 | D:3      | Found a hazy altar of Hepliaklqana.
  4180 | D:3      | Reached skill level 5 in Unarmed Combat
  4398 | D:4      | Found Jofo's Assorted Antiques.
  4456 | D:4      | Gained mutation: You have large cloven feet. [demonic ancestry]
  4456 | D:4      | Reached XP level 6. HP: 35/52 MP: 6/6
  4466 | D:4      | Bought a dented steel amulet for 140 gold pieces
  5215 | D:4      | Reached skill level 6 in Unarmed Combat
  5501 | D:5      | Entered Level 5 of the Dungeon
  5547 | D:5      | Found Ymeokum's Antique Armour Emporium.
  5895 | D:5      | Reached XP level 7. HP: 59/59 MP: 7/7
  6017 | D:5      | Reached skill level 7 in Unarmed Combat
  6157 | D:5      | Found a staircase to the Ecumenical Temple.
  6166 | Temple   | Entered the Ecumenical Temple
  6441 | Temple   | Became a worshipper of Warmaster Okawaru
  6441 | Temple   | Reached * piety under Okawaru
  6441 | Temple   | Reached ** piety under Okawaru
  6860 | D:5      | Reached skill level 8 in Unarmed Combat
  6971 | D:5      | Gained mutation: You are surrounded by a moderate repulsion field. (EV +3) [demonic ancestry]
  6971 | D:5      | Reached XP level 8. HP: 58/66 MP: 5/8
  7086 | D:5      | Found a runed door.
  7422 | D:5      | Noticed Crazy Yiuf
  7430 | D:5      | Killed Crazy Yiuf
  7430 | D:5      | Reached skill level 9 in Unarmed Combat
  7605 | D:5      | Got a shimmering leather armour
  7616 | D:5      | Identified the cursed +0 leather armour of Honesty {rPois} (You found it on level 5 of the Dungeon)
  7827 | D:6      | Found a radiant altar of Vehumet.
  7840 | D:6      | Noticed Edmund
  7862 | D:6      | Killed Edmund
  7954 | D:6      | Found a shadowy altar of Dithmenos.
  7954 | D:6      | Found an opulent altar of Gozag.
  7959 | D:6      | Found a stormy altar of Qazlal.
  7961 | D:6      | Found a blossoming altar of Fedhas.
  7963 | D:6      | Found a shattered altar of Ashenzari.
  8046 | D:6      | Reached *** piety under Okawaru
  8202 | D:6      | Reached skill level 10 in Unarmed Combat
  8256 | D:6      | Found Peggequi's Food Emporium.
  8411 | D:6      | Gained mutation: You are slightly more attuned to the shadows. [demonic ancestry]
  8411 | D:6      | Reached XP level 9. HP: 36/71 MP: 6/9
  8670 | D:6      | Found Rilanwoc's Book Emporium.
  8714 | D:6      | Found Vuiza's Book Shoppe.
  9365 | D:7      | Reached skill level 11 in Unarmed Combat
  9544 | D:7      | Reached skill level 1 in Armour
  9544 | D:7      | Reached skill level 1 in Shields
  9855 | D:8      | Noticed Psyche
  9864 | D:8      | Killed Psyche
  9983 | D:8      | Found a basalt altar of Yredelemnul.
 10350 | D:8      | Reached **** piety under Okawaru
 10468 | D:8      | Found a snail-covered altar of Cheibriados.
 10468 | D:8      | Noticed Erica
 10476 | D:8      | Found a glowing golden altar of the Shining One.
 10488 | D:8      | Reached XP level 10. HP: 75/80 MP: 10/10
 10687 | D:8      | Noticed Grum
 10897 | D:8      | Noticed Pikel
 10920 | D:8      | Killed Pikel
 10920 | D:8      | Reached skill level 5 in Fighting
 11261 | D:8      | Found a deep blue altar of Sif Muna.
 11565 | D:9      | Noticed a tengu warrior
 11567 | D:9      | Noticed a tengu warrior
 11582 | D:8      | Reached skill level 12 in Unarmed Combat
 11664 | D:9      | Killed a tengu warrior
 11664 | D:9      | Reached ***** piety under Okawaru
 11664 | D:9      | Reached skill level 5 in Dodging
 11664 | D:9      | Reached skill level 1 in Invocations
 11669 | D:9      | Killed a tengu warrior
 11672 | D:9      | HP: 4/121 [hippogriff (3)]
 11677 | D:9      | HP: 3/123 [hippogriff (2)]
 12166 | D:9      | Found a staircase to the Lair.
 12238 | D:9      | Found a staircase to the Orcish Mines.
 12240 | D:9      | Found Uxenlao's Armour Boutique.
 12275 | D:9      | Bought the +1 hat of Xefeogh {Slay+2} for 292 gold pieces
 12546 | D:9      | Noticed Prince Ribbit
 12552 | D:9      | Killed Prince Ribbit
 12941 | D:9      | Reached XP level 11. HP: 70/89 MP: 13/13
 13032 | D:8      | Killed Grum
 13034 | D:8      | Found an ornate altar of the Wu Jian Council.
 13045 | D:8      | Killed Erica
 13045 | D:8      | Received a gift from Okawaru
 13188 | Lair:1   | Entered Level 1 of the Lair of Beasts
 14461 | Lair:2   | Received a gift from Okawaru
 14793 | Lair:2   | Reached skill level 5 in Invocations
 14942 | Lair:2   | Reached skill level 13 in Unarmed Combat
 15079 | Lair:2   | Reached skill level 5 in Armour
 15336 | Lair:2   | Noticed a catoblepas
 15347 | Lair:2   | Killed a catoblepas
 15347 | Lair:2   | Reached skill level 5 in Shields
 15444 | Lair:2   | Noticed Harold
 15463 | Lair:2   | Killed Harold
 15905 | Lair:2   | Noticed an oklob plant
 16169 | D:9      | Gained mutation: You are surrounded by a strong repulsion field. (EV +4, RMsl) [demonic ancestry]
 16169 | D:9      | Reached XP level 12. HP: 79/97 MP: 16/16
 16243 | D:10     | Entered Level 10 of the Dungeon
 16680 | D:10     | Received a gift from Okawaru
 16836 | D:10     | Noticed a two-headed ogre
 16847 | D:10     | Killed a two-headed ogre
 17231 | D:10     | Got a polished leather armour
 17242 | D:10     | Identified the +1 leather armour "Oghetire" {+Blink Int+2} (You found it on level 10 of the Dungeon)
 17865 | D:11     | Noticed a two-headed ogre
 17873 | D:11     | Killed a two-headed ogre
 17873 | D:11     | Reached ****** piety under Okawaru
 17997 | D:11     | Noticed a centaur warrior
 18004 | D:11     | Found a bloodstained altar of Trog.
 18021 | D:11     | Killed a centaur warrior
 18572 | D:11     | Found Qugu's Antique Armour Shoppe.
 19042 | D:12     | HP: 1/100 [cloud of flame (26)]
 19332 | D:12     | Reached skill level 14 in Unarmed Combat
 19847 | D:12     | Received a gift from Okawaru
 19992 | D:12     | Found an opulent altar of Gozag.
 20502 | Lair:3   | Found a staircase to the Snake Pit.
 20557 | Lair:3   | Noticed a five-headed hydra
 20564 | Lair:3   | Killed a five-headed hydra
 20564 | Lair:3   | Reached XP level 13. HP: 74/107 MP: 16/19
 21024 | Lair:3   | Found a staircase to the Shoals.
 21802 | Lair:4   | Received a gift from Okawaru
 21803 | Lair:4   | Got a slimy chain mail {god gift}
 21814 | Lair:4   | Identified the +1 chain mail "Loullupiq" {rC+ Int-4 Stlth+} (Okawaru gifted it to you on level 4 of the Lair of Beasts)
 22831 | Lair:5   | Found a staircase to the Slime Pits.
 23143 | Lair:5   | Noticed Rupert
 23170 | Lair:5   | Killed Rupert
 23853 | Lair:6   | Entered Level 6 of the Lair of Beasts
 23944 | Lair:6   | Reached skill level 15 in Unarmed Combat
 23956 | Lair:6   | Slain by a molten gargoyle

Vault maps used:
D:1:      dpeg_arrival_ratfight, minivault_26, minmay_pentomino_x2
D:2:      zin_academy, lemuel_round_altar
D:3:      old_standard_altar, minmay_box_of_dots
D:4:      serial_shops, shop
D:5:      temple_hall, first_bread, serial_shops, shop, minmay_crystal_water,
          minmay_misc_feat_x, uniq_crazy_yiuf_cottage
D:6:      chequers_temple_overflow_minitemple, serial_shops,
          nicolae_shop_competitors_out_of_business, nicolae_shop_crystal, shop,
          basic_altar, kennysheep_generic_room_2, uniq_edmund
D:8:      lemuel_doored_altar, kennysheep_mini,
          yredelemnul_forgotten_temple_becter, nicolae_overflow_hidden_temple,
          uniq_psyche, uniq_pikel, uniq_erica, uniq_grum
D:9:      minmay_lair_entry_lava, orc_david_3, uniq_prince_ribbit1
D:10:     hangedman_little_slice_of_home
D:11:     serial_shops, shop, trog_ov_bears_minmay
D:12:     grunt_gozag_breadcrumbs
Temple:   compressed_dpeg_triangle_lava_temple
Lair:1:   lemuel_fruit_tree, serial_bayou_shore_b
Lair:2:   serial_bayou_lake_a, minmay_lair_oklob_chamber, grunt_megastairs_3,
          uniq_harold
Lair:3:   beast_lair_carwin_large_2, elwin_shoals_entry_rooms,
          dummy_snake_entry, serial_bayou_shore_b
Lair:4:   nicolae_lair_yak_garden
Lair:5:   nicolae_slime_entry_slimehenge, uniq_rupert
Lair:6:   cheibrodos_lair_end_hotspot, nicolae_quartered_pool_super,
          st_stairs_12, minmay_lair_oklob_items, minmay_stone_trees_small,
          hangedman_lair_generics_rect

Skill      XL: |  1  2  3  4  5  6  7  8  9 10 11 12 13 |
---------------+----------------------------------------+-----
Unarmed Combat | 1 2 3 4 5 6 8 10 11 12 13 14 15 | 15.0
Armour         | 2 4 5 6 7 |  7.5
Shields        | 2 4 5 6 7 |  7.4
Dodging        | 4 5 6 7 8 |  8.5
Fighting       | 5 6 8 9 |  9.1
Invocations    | 3 6 8 9 |  9.0
Stealth        | |  3.6

Action                   |  1- 3 |  4- 6 |  7- 9 | 10-12 | 13-15 || total
-------------------------+-------+-------+-------+-------+-------++-------
Melee: Unarmed           |   234 |   331 |   328 |   804 |   318 ||  2015
       Punch             |     2 |    10 |     9 |       |       ||    21
       Kick              |       |    24 |    90 |   216 |    90 ||   420
Invok: Heroism           |       |       |     8 |    10 |     7 ||    25
 Abil: Evoke Berserk Rag |       |       |       |       |     1 ||     1
  Use: Potion            |     2 |     5 |     1 |     2 |     3 ||    13
       Scroll            |       |     3 |     5 |    10 |     1 ||    19
 Stab: Sleeping          |     5 |     8 |    11 |    14 |     8 ||    46
       Distracted        |     2 |     1 |     1 |     2 |     1 ||     7
       Invisible         |       |       |       |       |     1 ||     1
  Eat: Chunk             |     5 |    21 |    18 |    38 |     7 ||    89
Armor: Robe              |    36 |    20 |     1 |       |       ||    57
       Skin              |       |     4 |       |       |       ||     4
       Leather armour    |       |       |    29 |       |       ||    29
       Ring mail         |       |       |    20 |   156 |       ||   176
       Troll leather arm |       |       |       |    25 |    33 ||    58
Dodge: Dodged            |   185 |   271 |   192 |   530 |   243 ||  1421
       Deflected         |       |       |       |     4 |     1 ||     5
Block: Buckler           |       |       |    28 |   175 |    86 ||   289
